 Dungeon Sprint DCSS version 0.26-a0-651-gb41185065b (webtiles) character file.

Game seed: 9797000194566089259

26091 ytrimaz the Slayer (level 12, -2/145 HPs)
             Began as a Minotaur Fighter on Sept 29, 2020.
             Was the Champion of Makhleb.
             Slain by a storm dragon (12 damage)
             ... in the Dungeon (Sprint V: "Ziggurat Sprint").
             The game lasted 00:18:24 (1090 turns).

ytrimaz the Slayer (Minotaur Fighter)               Turns: 1090, Time: 00:18:25

Health: -2/145     AC: 38    Str: 38    XL:     12   Next: 95%
Magic:  11/11      EV:  6    Int:  9    God:    Makhleb [******]
Gold:   0          SH: 35    Dex:  5    Spells: 11/11 levels left

rFire    + + .     SeeInvis .   L - +8 lance "Wyrmbane" {slay drac, rPois rF+ rC+ AC+3}
rCold    + + .     Faith    .   I - +18 shield of the Gong {rElec rN+ MR+ EV-5}
rNeg     + + .     Spirit   .   H - +15 Maxwell's patent armour {-Cast -Tele rElec MR+ rCorr}
rPois    +         Reflect  .   D - +0 hat of Hymuren {*Contam rElec rPois Str+5}
rElec    +         Harm     .   (no cloak)
rCorr    +         Rampage  .   Z - +3 pair of gauntlets of War {Slay+5}
MR       +++..     NoTele   +   (no boots) Stlth ..........NoCast +
                                V - macabre finger necklace {rN+}
HPRegen  0.00/turn              T - ring of Ninuubb {rC+ Int+4 Slay+3}
MPRegen  0.12/turn              W - ring of Doubts {rPois rF+ MR+ Str+7 Dex-5}
                                (no ring)

@: studying 2 skills, lightly drained
A: retaliatory headbutt, horns 2, inhibited regeneration
a: Minor Destruction, Lesser Servant of Makhleb, Major Destruction, Greater
Servant of Makhleb, Renounce Religion


You were in the Dungeon.
You worshipped Makhleb.
Makhleb was exalted by your worship.
You visited 1 branch

Inventory:

Hand Weapons
 A - the +8 glaive of the Guard {elec, +Rage AC+5 SInv}
   (You found it in the Dungeon)

   Occasionally, upon striking a foe, it will discharge some electrical energy
   and cause terrible harm.
   It affects your AC (+5).
   It lets you see invisible.
   It lets you go berserk.
 E - the +8 mithril axe "Arga" {speed, MR+}
   (You found it in the Dungeon)

   Attacks with this weapon are significantly faster.
   It affects your resistance to hostile enchantments.
 G - the +10 dark maul {vorpal}
   (You found it in the Dungeon)

   It inflicts extra damage upon your enemies.
 J - the +7 Singing Sword {vorpal, sonic wave}
   (You found it in the Dungeon)

   It inflicts extra damage upon your enemies.
 K - the +7 great mace "Firestarter" {inner flame, rF++}
   (You found it in the Dungeon)

   It has been specially enchanted to burn those struck by it, causing extra
   injury to most foes and up to half again as much damage against particularly
   susceptible opponents.
   It greatly protects you from fire.
 L - the +8 lance "Wyrmbane" (weapon) {slay drac, rPois rF+ rC+ AC+3}
   (You found it in the Dungeon)

   It affects your AC (+3).
   It protects you from fire.
   It protects you from cold.
   It protects you from poison.
 M - the +9 sword of Zonguldrok {reap}
   (You found it in the Dungeon)

   If a monster killed with it leaves a corpse in good enough shape, the corpse
   will be animated as a zombie friendly to the killer.
 Q - the +4 dagger "Morg" {pain, MR+ Int+5}
   (You found it in the Dungeon)

   In the hands of one skilled in necromantic magic, it inflicts extra damage on
   living creatures.
   It affects your intelligence (+5).
   It affects your resistance to hostile enchantments.
Armour
 k - a +5 crystal plate armour
 D - the +0 hat of Hymuren (worn) {*Contam rElec rPois Str+5}
   (You found it in the Dungeon)

   It affects your strength (+5).
   It insulates you from electricity.
   It protects you from poison.
   It causes magical contamination when unequipped.
 H - the +15 Maxwell's patent armour (worn) {-Cast -Tele rElec MR+ rCorr}
   (You found it in the Dungeon)

   It insulates you from electricity.
   It affects your resistance to hostile enchantments.
   It prevents spellcasting.
   It prevents most forms of teleportation.
   It provides partial protection from all sources of acid and corrosion.
 I - the +18 shield of the Gong (worn) {rElec rN+ MR+ EV-5}
   (You found it in the Dungeon)

   It affects your evasion (-5).
   It insulates you from electricity.
   It protects you from negative energy.
   It affects your resistance to hostile enchantments.
 R - the cursed +0 robe "Maguo" {rElec MR++}
   (You found it in the Dungeon)

   It insulates you from electricity.
   It affects your resistance to hostile enchantments.
   It has a curse placed upon it.
 Z - the +3 pair of gauntlets of War (worn) {Slay+5}
   (You found it in the Dungeon)

   It affects your accuracy and damage with ranged weapons and melee attacks
   (+5).
Jewellery
 a - an uncursed amulet of the acrobat
 c - an uncursed ring of poison resistance
 z - the ring "Ucrirhuo" {MR+ AC+4}
   (You found it in the Dungeon)

   [ring of protection]

   It affects your AC (+4).
   It affects your resistance to hostile enchantments.
 B - the ring "Jucoute Xaoz" {Fire +Fly Dex+3}
   (You found it in the Dungeon)

   [ring of fire]

   It enhances your fire magic.
   It affects your dexterity (+3).
   It protects you from fire.
   It makes you vulnerable to cold.
   It lets you fly.
 C - a +6 ring of intelligence
 O - the ring "Fuah" {rF+ rC- Str+6 Int+3}
   (You found it in the Dungeon)

   [ring of strength]

   It affects your strength (+6).
   It affects your intelligence (+3).
   It protects you from fire.
   It makes you vulnerable to cold.
 S - the ring "Boxaupn" {+Inv +Fly rPois rF+ MP-9}
   (You found it in the Dungeon)

   [ring of protection from fire]

   It protects you from fire.
   It protects you from poison.
   It affects your magic capacity (-9).
   It lets you turn invisible.
   It lets you fly.
 T - the ring of Ninuubb (left hand) {rC+ Int+4 Slay+3}
   (You found it in the Dungeon)

   [ring of protection from cold]

   It affects your intelligence (+4).
   It affects your accuracy and damage with ranged weapons and melee attacks
   (+3).
   It protects you from cold.
 V - the macabre finger necklace (around neck) {rN+}
   (You found it in the Dungeon)

   [amulet of nothing]

   It protects you from negative energy.
 W - the ring of Doubts (right hand) {rPois rF+ MR+ Str+7 Dex-5}
   (You found it in the Dungeon)

   [ring of poison resistance]

   It affects your strength (+7).
   It affects your dexterity (-5).
   It protects you from fire.
   It protects you from poison.
   It affects your resistance to hostile enchantments.
Wands
 v - a wand of disintegration (7)
 x - a wand of iceblast (7)
 y - a wand of acid (7)
Scrolls
 b - a scroll of brand weapon
 j - 4 scrolls of blinking
 m - 4 scrolls of amnesia
 n - 7 scrolls of fog
 o - a scroll of holy word
 p - 5 scrolls of identify
 q - 5 scrolls of remove curse
 r - a scroll of fear
Potions
 d - 6 potions of might
 e - 9 potions of curing
 f - 16 potions of heal wounds
 g - 6 potions of haste
 h - 7 potions of magic
 i - 3 potions of berserk rage
 s - 2 potions of brilliance
 t - 2 potions of invisibility
 u - 4 potions of resistance
 w - 5 potions of stabbing
Books
 l - a manual of Dodging
 P - a manual of Maces & Flails
 X - a manual of Maces & Flails


   Skills:
 + Level 24.6(24.5) Fighting
 - Level 16.0(15.9) Long Blades
 - Level 6.4(6.5) Axes
 - Level 2.0(4.5) Polearms
 * Level 13.9(13.8) Armour
 * Level 8.6(8.5) Dodging
 + Level 20.5(20.4) Shields


You had 11 spell levels left.
You didn't know any spells.
Your spell library contained the following spells:

 Spells                   Type           Power        Failure   Level
 Animate Skeleton         Necr           #.....       86%         1
 Corona                   Hex            #......      86%         1
 Magic Dart               Conj           #...         86%         1
 Sandblast                Erth           #.....       86%         1
 Ensorcelled Hibernation  Hex/Ice        #.....       94%         2
 Passwall                 Tmut/Erth      #.......     94%         2
 Searing Ray              Conj           #.....       94%         2
 Confusing Touch          Hex            #.......     99%         3
 Dazzling Flash           Conj/Hex       #.....       99%         3
 Ignite Poison            Fire/Tmut/Pois #.......     99%         3
 Stone Arrow              Conj/Erth      #.....       99%         3
 Tukima's Dance           Hex            #.......     99%         3
 Vampiric Draining        Necr           #.........   99%         3
 Cause Fear               Hex            #.........   100%        4
 Fulminant Prism          Conj/Hex       #.........   100%        4
 Iskenderun's Mystic Bla  Conj/Tloc      #.......     100%        4
 Petrify                  Tmut/Erth      #.......     100%        4
 Summon Lightning Spire   Summ/Air       #.......     100%        4
 Agony                    Necr           #.......     100%        5
 Excruciating Wounds      Necr           #.........   100%        5
 Lee's Rapid Deconstruct  Erth           #.........   100%        5
 Silence                  Hex/Air        #.........   100%        5
 Summon Demon             Summ           #.........   100%        5
 Summon Forest            Summ/Tloc      #.........   100%        5
 Summon Mana Viper        Hex/Summ       #.......     100%        5
 Yara's Violent Unravell  Hex/Tmut       #.........   100%        5
 Conjure Ball Lightning   Conj/Air       #.........   100%        6
 Death Channel            Necr           #.........   100%        6
 Shadow Creatures         Summ           N/A          100%        6
 Summon Hydra             Summ           #.........   100%        7
 Discord                  Hex            #.........   100%        8
 Shatter                  Erth           #.........   100%        9
 Tornado                  Air            #.........   100%        9


Dungeon Overview and Level Annotations

Branches:
Dungeon (1/1)

Altars:
Ashenzari
Cheibriados
Dithmenos
Elyvilon
Fedhas
Gozag
Hepliaklqana
Kikubaaqudgha
Makhleb
Nemelex Xobeh
Okawaru
Qazlal
Ru
Sif Muna
Trog
Uskayaw
Vehumet
Wu Jian
Xom
Yredelemnul
Zin
The Shining One
Beogh
Jiyva
Lugonu


Innate Abilities, Weirdness & Mutations

You reflexively headbutt those who attack you in melee.
You have a pair of horns on your head.
You do not regenerate when monsters are visible.


Message History

PTOANNNG!
The storm dragon breathes lightning at you.
The bolt of lightning hits the storm dragon.
The storm dragon completely resists.
The bolt of lightning hits you. You resist.
* * * LOW HITPOINT WARNING * * *
The bolt of lightning hits you. You resist.
* * * LOW HITPOINT WARNING * * *
The bolt of lightning hits the storm dragon.
The storm dragon completely resists.
The bolt of lightning hits the storm dragon.
The storm dragon completely resists.
The storm dragon closely misses you. You furiously retaliate!
You headbutt the storm dragon, but do no damage.
The storm dragon claws you but does no damage.
The storm dragon barely misses you.
You block the spriggan air mage's attack.
GONNNNG!
The storm dragon bites you!
You die...

▓.............▓.......
▓.............▓.)▓)...
▓.............▓.▓)▓...
▓..§..........▓..▓....
▓ ▓.......▓ ▓.....©.
▓. ▓▓.....▓▓ ▓▓▓▓▓▓▓▓
▓..▓kDki...▓..▓....8©8
▓..kiDDi......▓..).)".
▓.viD@ikv.....▓...=)|[
▓▓▓▓▓▓▓▓▓▓▓▓▓▓▓.......
▓....... ▓....)).
▓.....). ▓.......
▓..▓.... ▓.......
▓.....©.


You could see 4 storm dragons, 4 wind drakes, 5 spriggan air magi and 2
insubstantial wisps.

Vanquished Creatures
  A tentacled starspawn (D)
  A daeva (D)
  An angel (D)
  A reaper (D)
  A very ugly thing (D)
  An ophan (D)
  A vampire knight (D)
  A yaktaur captain (D)
  A hydra (D)
  3 hell hogs (D)
  A hell knight (D)
  3 skeletal warriors (D)
  A flayed ghost (D)
  A necromancer (D)
  A shining eye (shapeshifter) (D)
  5 cyclopes (D)
  3 ugly things (D)
  2 slime creatures (D)
  An eye of devastation (D)
  2 cane toads (D)
  A komodo dragon (D)
  A komodo dragon (shapeshifter) (D)
  2 yaktaurs (D)
  A meliai (shapeshifter) (D)
  A polar bear (D)
  2 red devils (D)
  5 merfolk (D)
  A wind drake (D)
  A hippogriff (D)
  A flying skull (D)
  2 shadows (D)
  An air elemental (D)
  A spriggan (shapeshifter) (D)
  2 golden eyes (D)
  A yak (D)
  2 neqoxecs (D)
  2 fire bats (shapeshifter) (D)
  An acid dragon (shapeshifter) (D)
  4 hell hounds (D)
  A water moccasin (D)
  2 porcupines (D)
  A phantom (D)
  An ice beast (D)
  A necrophage (D)
  A black bear (D)
  2 eyes of draining (D)
  A centaur (D)
  3 crocodiles (D)
  2 bullfrogs (D)
  4 wights (D)
  2 quasits (D)
  3 iron imps (D)
  3 jellies (D)
  2 shadow imps (D)
  2 white imps (D)
  An ufetubus (D)
  An ooze (D)
  4 adder skeletons (D)
  3 bat skeletons (D)
  4 bat zombies (D)
  A ball python skeleton (D)
  3 giant cockroach zombies (D)
  A jackal zombie (D)
  3 leopard gecko zombies (D)
  A quokka skeleton (D)
  A quokka zombie (D)
  A starspawn tentacle (D)
119 creatures vanquished.

Vanquished Creatures (others)
  An insubstantial wisp (D)
  A starspawn tentacle (D)
2 creatures vanquished.

Grand Total: 121 creatures vanquished

Notes
Turn   | Place    | Note
-------+----------+-------------------------------------------
     0 | D        | ytrimaz the Minotaur Fighter began the quest for the Orb.
     0 | D        | Reached XP level 1. HP: 19/19 MP: 0/0
     3 | D        | Found a blossoming altar of Fedhas.
     4 | D        | Found the +6 Majin-Bo {vamp, MP+6 Int+6}
     4 | D        | Found the +9 heavy crossbow "Sniper" {vorpal, Acc+∞ SInv}
     4 | D        | Found the +10 dark maul {vorpal}
     4 | D        | Found the +15 Maxwell's patent armour {-Cast -Tele rElec
                  | MR+ rCorr}
     4 | D        | Found the +18 shield of the Gong {rElec rN+ MR+ EV-5}
     4 | D        | Found the cursed +14 obsidian axe {vorpal, +Fly SInv
                  | *Curse}
     4 | D        | Found the +7 great mace "Firestarter" {inner flame, rF++}
     4 | D        | Found the +6 shillelagh "Devastator" {shatter}
     4 | D        | Found the +11 plutonium sword {*Contam Stlth-}
     4 | D        | Found the +8 lance "Wyrmbane" {slay drac, rPois rF+ rC+
                  | AC+3}
     4 | D        | Found the +9 sword of Zonguldrok {reap}
     4 | D        | Found the cursed +13 scythe of Curses {drain, *Curse}
     4 | D        | Found the +0 sword of Power
     4 | D        | Found the +7 mace of Variability {chain chaos}
     4 | D        | Found the +7 Singing Sword {vorpal, sonic wave}
     4 | D        | Found the +8 storm bow {elec, penet}
     4 | D        | Found a viscous altar of Jiyva.
     4 | D        | Found a hazy altar of Hepliaklqana.
     4 | D        | Found a transporter.
     4 | D        | Found an opulent altar of Gozag.
     4 | D        | Found an ancient bone altar of Kikubaaqudgha.
     4 | D        | Found a corrupted altar of Lugonu.
    15 | D        | Found a burning altar of Makhleb.
    16 | D        | Found a stormy altar of Qazlal.
    16 | D        | Found a sacrificial altar of Ru.
    16 | D        | Found an iron altar of Okawaru.
    16 | D        | Found a shimmering blue altar of Sif Muna.
    16 | D        | Found a sparkling altar of Nemelex Xobeh.
    16 | D        | Found a bloodstained altar of Trog.
    23 | D        | Reached skill level 5 in Fighting
    23 | D        | Reached skill level 5 in Armour
    23 | D        | Reached skill level 5 in Shields
    23 | D        | Reached XP level 2. HP: 29/29 MP: 1/1
    41 | D        | Became a worshipper of Makhleb the Destroyer
    81 | D        | Entered arena 2.
    81 | D        | Noticed a hell hound
    81 | D        | Found a transporter.
    87 | D        | Killed a hell hound
    87 | D        | Reached skill level 7 in Fighting
    87 | D        | Reached skill level 5 in Axes
    87 | D        | Reached XP level 3. HP: 33/39 MP: 2/2
    87 | D        | Reached XP level 4. HP: 40/47 MP: 3/3
   131 | D        | Entered arena 3.
   131 | D        | Noticed a cyan ugly thing
   131 | D        | Noticed a fire bat
   131 | D        | Noticed a brown ugly thing
   131 | D        | Found a transporter.
   134 | D        | Killed a fire bat
   134 | D        | Reached * piety under Makhleb
   134 | D        | Reached skill level 8 in Fighting
   134 | D        | Reached XP level 5. HP: 56/56 MP: 4/4
   137 | D        | Killed a brown ugly thing
   137 | D        | Reached skill level 10 in Fighting
   137 | D        | Reached skill level 1 in Polearms
   137 | D        | Reached skill level 10 in Armour
   137 | D        | Reached XP level 6. HP: 67/67 MP: 5/5
   137 | D        | Reached XP level 7. HP: 73/73 MP: 6/6
   139 | D        | Killed a cyan ugly thing
   139 | D        | Reached skill level 11 in Fighting
   155 | D        | Entered arena 4.
   155 | D        | Noticed a tentacled starspawn
   155 | D        | Found a transporter.
   158 | D        | Reached ** piety under Makhleb
   158 | D        | Reached XP level 8. HP: 77/82 MP: 7/7
   159 | D        | Killed a tentacled starspawn
   159 | D        | Reached *** piety under Makhleb
   159 | D        | Reached skill level 14 in Fighting
   159 | D        | Reached XP level 9. HP: 95/95 MP: 8/8
   174 | D        | Entered arena 5.
   174 | D        | Noticed a polar bear
   174 | D        | Found a transporter.
   177 | D        | Reached skill level 15 in Shields
   183 | D        | Killed a polar bear
   186 | D        | Reached **** piety under Makhleb
   199 | D        | Entered arena 6.
   199 | D        | Found a transporter.
   205 | D        | Reached skill level 10 in Long Blades
   207 | D        | Reached ***** piety under Makhleb
   221 | D        | Entered arena 7.
   221 | D        | Noticed a merfolk
   221 | D        | Noticed a merfolk
   221 | D        | Noticed a merfolk
   221 | D        | Noticed a merfolk
   221 | D        | Noticed a merfolk
   227 | D        | Found a transporter.
   231 | D        | Killed a merfolk
   235 | D        | Killed a merfolk
   235 | D        | Reached skill level 15 in Fighting
   236 | D        | Killed a merfolk
   236 | D        | Reached XP level 10. HP: 105/105 MP: 4/9
   252 | D        | Got the ring "Ucrirhuo" {MR+ AC+4}
   272 | D        | Entered arena 8.
   273 | D        | Found a transporter.
   277 | D        | Reached ****** piety under Makhleb
   279 | D        | Reached skill level 16 in Fighting
   298 | D        | Entered arena 9.
   298 | D        | Noticed an eye of devastation
   309 | D        | Found a transporter.
   313 | D        | Killed an eye of devastation
   334 | D        | Got the +0 hat of Hymuren {*Contam rElec rPois Str+5}
   357 | D        | Entered arena 10.
   362 | D        | Reached skill level 17 in Fighting
   376 | D        | Found a transporter.
   396 | D        | Entered arena 11.
   396 | D        | Noticed a cyclops
   396 | D        | Noticed a cyclops
   396 | D        | Noticed a cyclops
   396 | D        | Noticed a cyclops
   396 | D        | Noticed a yaktaur captain
   396 | D        | Noticed a cyclops
   397 | D        | Found a transporter.
   403 | D        | Reached skill level 15 in Long Blades
   405 | D        | Killed a cyclops
   406 | D        | Killed a cyclops
   406 | D        | Killed a cyclops
   406 | D        | Reached skill level 18 in Fighting
   406 | D        | Killed a cyclops
   406 | D        | Reached skill level 19 in Fighting
   406 | D        | Reached XP level 11. HP: 113/123 MP: 10/10
   411 | D        | Killed a yaktaur captain
   411 | D        | Reached skill level 20 in Fighting
   412 | D        | Reached skill level 21 in Fighting
   418 | D        | Got the ring "Fuah" {rF+ rC- Str+6 Int+3}
   437 | D        | Entered arena 12.
   437 | D        | Noticed a lindwurm
   438 | D        | Noticed a brown ugly thing
   438 | D        | Noticed a white very ugly thing
   440 | D        | Noticed a shining eye
   440 | D        | a merfolk changed into a shining eye
   440 | D        | Gained mutation: You do not regenerate when monsters are
                  | visible. [a neqoxec]
   441 | D        | Noticed a shock serpent
   441 | D        | a swamp worm changed into a shock serpent
   442 | D        | Noticed a death drake
   442 | D        | a shining eye changed into a death drake
   442 | D        | Noticed a shock serpent
   442 | D        | a lindwurm changed into a shock serpent
   443 | D        | Noticed a deep troll
   443 | D        | a death drake changed into a deep troll
   447 | D        | Noticed a shining eye
   447 | D        | a shock serpent changed into a shining eye
   447 | D        | Noticed a mana viper
   447 | D        | a shock serpent changed into a mana viper
   450 | D        | Killed a shining eye
   450 | D        | Reached skill level 5 in Dodging
   450 | D        | a mana viper changed into a komodo dragon
   452 | D        | Noticed a harpy
   452 | D        | a komodo dragon changed into a harpy
   454 | D        | a harpy changed into a basilisk
   460 | D        | Killed a brown very ugly thing
   460 | D        | Reached skill level 22 in Fighting
   461 | D        | Noticed a mana viper
   461 | D        | a deep troll changed into a mana viper
   462 | D        | Noticed a lindwurm
   462 | D        | a mana viper changed into a lindwurm
   464 | D        | Noticed a shining eye
   464 | D        | a lindwurm changed into a shining eye
   465 | D        | Killed a brown ugly thing
   467 | D        | a shining eye changed into a floating eye
   468 | D        | Noticed a harpy
   468 | D        | a troll changed into a harpy
   469 | D        | Noticed an orb spider
   469 | D        | a jumping spider changed into an orb spider
   469 | D        | Noticed an orb spider
   469 | D        | a harpy changed into an orb spider
   473 | D        | an orb spider changed into a soldier ant
   475 | D        | an orb spider changed into a yak
   490 | D        | Found a transporter.
   522 | D        | Got the cursed +0 robe "Maguo" {rElec MR++}
   524 | D        | Entered arena 13.
   524 | D        | Noticed a hell hog
   524 | D        | Noticed a hell hog
   530 | D        | Killed a hell hog
   532 | D        | Reached skill level 23 in Fighting
   532 | D        | Killed a hell hog
   533 | D        | Found a transporter.
   543 | D        | Got the ring "Boxaupn" {+Inv +Fly rPois rF+ MP-9}
   558 | D        | Entered arena 14.
   560 | D        | Noticed a hell hog
   560 | D        | Noticed a flayed ghost
   560 | D        | Noticed a hell knight
   560 | D        | Noticed a reaper
   561 | D        | Found the +4 dagger "Morg" {pain, MR+ Int+5}
   562 | D        | Found a transporter.
   566 | D        | Killed a hell hog
   568 | D        | Killed a hell knight
   569 | D        | Reached XP level 12. HP: 111/141 MP: 2/11
   571 | D        | Killed a reaper
   580 | D        | Got the ring of Ninuubb {rC+ Int+4 Slay+3}
   597 | D        | Entered arena 15.
   758 | D        | Found the macabre finger necklace {rN+}
   758 | D        | Identified the +11 hand axe of the Crawling Thing {venom,
                  | rC+ MP-9 Dex+3}
   764 | D        | Noticed a vampire knight
   770 | D        | Killed a vampire knight
   774 | D        | Reached skill level 24 in Fighting
   775 | D        | Found a transporter.
   790 | D        | Got the ring of Doubts {rPois rF+ MR+ Str+7 Dex-5}
   800 | D        | Got the Guide on Necromancy
   809 | D        | Entered arena 16.
   820 | D        | Noticed a four-headed hydra
   821 | D        | Found the +3 pair of gauntlets of War {Slay+5}
   836 | D        | Killed a six-headed hydra
   839 | D        | Found the +8 glaive of the Guard {elec, +Rage AC+5 SInv}
   841 | D        | Found a transporter.
   850 | D        | Got Sif Muna's Volume of the Burning Rocks
   889 | D        | Acquired a manual of Dodging
   898 | D        | Entered arena 17.
   904 | D        | Noticed a daeva
   904 | D        | Noticed an ophan
   904 | D        | Noticed an angel
   905 | D        | Found the +8 mithril axe "Arga" {speed, MR+}
   913 | D        | Killed an ophan
   917 | D        | Killed a daeva
   919 | D        | Killed an angel
   920 | D        | Found a transporter.
  1030 | D        | Got the ring "Jucoute Xaoz" {Fire +Fly Dex+3}
  1068 | D        | Entered arena 18.
  1071 | D        | Noticed a spriggan air mage
  1071 | D        | Noticed a storm dragon
  1071 | D        | Noticed a spriggan air mage
  1071 | D        | Noticed a storm dragon
  1071 | D        | Noticed a spriggan air mage
  1071 | D        | Noticed a storm dragon
  1072 | D        | Found the +8 demon blade "Leech" {vamp, *Rage +Rage rN+}
  1072 | D        | Noticed a spriggan air mage
  1072 | D        | Noticed a spriggan air mage
  1074 | D        | Noticed a storm dragon
  1089 | D        | HP: 3/145 [spriggan air mage/the air (22)]
  1090 | D        | Slain by a storm dragon

Illustrated notes

Levels and vault maps discovered:
D:        sprint_v [room_start, room_1, room_2, room_3, room_4, room_5, room_6,
          room_7, room_8, room_9, room_10, room_11, room_12, room_13, room_14,
          room_15, room_16, room_17, room_18, room_19, room_20, room_21,
          room_22, room_23, room_24, room_25, room_26, room_27]

Skill      XL: |  1  2  3  4  5  6  7  8  9 10 11 12 |
---------------+-------------------------------------+-----
Fighting       | 5 7 8 10 11 14 15 19 23 24 | 24.6
Axes           | 4 5 6 |  6.4
Armour         | 5 7 8 10 11 12 13 | 13.9
Dodging        | 3 4 5 8 |  8.6
Shields        | 5 7 9 11 12 14 15 17 20 | 20.5
Long Blades    | 3 4 8 11 16 | 16.0
Polearms       | 1 2 |  2.0

Action                   |  1- 3 |  4- 6 |  7- 9 | 10-12 || total
-------------------------+-------+-------+-------+-------++-------
Melee: Lance             |     6 |     1 |       |     9 ||    16
       Headbutt          |     1 |     2 |     4 |    29 ||    36
       Double sword      |       |     5 |    29 |   129 ||   163
Invok: Lesser Servant of |       |       |       |     1 ||     1
  Use: Potion            |     1 |       |     1 |     6 ||     8
       Scroll            |       |       |     1 |     1 ||     2
Armor: Plate armour      |     2 |     4 |    27 |    79 ||   112
Dodge: Dodged            |       |       |    10 |    36 ||    46
Block: Kite shield       |     7 |     8 |    72 |   199 ||   286
       Rpst.: Double sword |       |       |       |     6 ||     6

Table legend: (Time is in decaauts)
 A = Elapsed time spent in this place.
 B = Non-inter-level travel time spent in this place.
 C = Inter-level travel time spent in this place.
 D = Time resting spent in this place.
 E = Time spent auto-exploring this place.
 F = Levels seen in this place.
 G = Mean time per level.
                   A        B        C        D        E       F      G
               +--------+--------+--------+--------+--------+-----+--------+
         Total |   1048 |   1048 |      0 |    287 |      0 |   1 | 1048.0 |
       Dungeon |   1048 |   1048 |      0 |    287 |      0 |   1 | 1048.0 |
               +--------+--------+--------+--------+--------+-----+--------+

Top non-repeatable levels by time:
       D: 1048 daAuts
